 Dungeon Crawl Stone Soup version 0.18-a0-1203-gbde16db (webtiles) character file.

5954 ipm the Cleaver (level 10, -1/124 HPs)
             Began as a Minotaur Gladiator on Jan 31, 2016.
             Was a Priest of Pakellas.
             Slain by a hippogriff (4 damage)
             ... on level 11 of the Dungeon.
             The game lasted 00:42:52 (2957 turns).

ipm the Cleaver (Minotaur Gladiator)                Turns: 2957, Time: 00:42:52

Health: -1/124     AC: 25    Str: 19    XL:     10   Next: 54%
Magic:  3/13       EV:  2    Int:  5    God:    Pakellas [***...]
Gold:   288        SH:  0    Dex: 20    Spells: 0 memorised, 9 levels left

rFire  . . .     SeeInvis .     b - +2 whip (elec)
rCold  . . .     Gourm    .     (armour currently unavailable)
rNeg   + + +     Faith    +     (no shield)
rPois  +         Spirit   .     (helmet currently unavailable)
rElec  .         Dismiss  .     (cloak currently unavailable)
rCorr  .         Reflect  .     (gloves currently unavailable)
SustAt .         Harm     .     (boots currently unavailable)
MR     .....     NoTele   +     H - amulet of faith
Stlth  +++.......               (no ring)
                                (no ring)

@: agile, tree-form (expiring), not resistant to hostile enchantments, fairly
stealthy
A: (retaliatory headbutt), (horns 0)
a: Quick Charge, Device Surge, Renounce Religion


You were on level 11 of the Dungeon.
You worshipped Pakellas.
Pakellas was most pleased with you.
You were hungry.
You were a tree.
You visited 1 branch of the dungeon, and saw 10 of its levels.

You collected 288 gold pieces.

Inventory:

Hand Weapons
 a - a +0 war axe
 b - a +2 whip of electrocution (weapon)
 d - a +1 dagger of venom
Armour
 c - a +1 hat (melded)
 y - a +1 pair of gloves (melded)
 C - a +0 plate armour (melded)
Jewellery
 H - an amulet of faith (around neck)
 T - an uncursed ring of teleportation
Wands
 p - a wand of lightning (0/15)
Scrolls
 o - 2 scrolls of immolation
 r - a scroll of enchant weapon
 w - 2 scrolls of remove curse
Potions
 k - a potion of agility
 n - 4 potions of poison
 q - a potion of magic
 u - a potion of cancellation
 z - a potion of resistance
Books
 D - a book of Hinderance

   Spells                             Type                      Level
   a - Confusing Touch                Hexes                        2
   b - Confuse                        Hexes                        3
   c - Gell's Gravitas                Hexes/Translocation          3
   d - Petrify                        Transmutation/Earth          4
   e - Metabolic Englaciation         Hexes/Ice                    5
   f - Yara's Violent Unravelling     Hexes/Transmutation          5
Comestibles
 f - 6 bread rations
 g - a royal jelly
 i - 2 meat rations
 x - 7 slices of pizza


   Skills:
 + Level 5.7 Fighting
 * Level 14.3 Axes
 - Level 2.0 Throwing
 + Level 6.6 Armour
 - Level 3.2 Dodging
 - Level 6.5 Evocations


You had 9 spell levels left.
You didn't know any spells.

Dungeon Overview and Level Annotations

Branches:
Dungeon (9/15)             Temple (0/1) D:6            Lair (0/8) D:8
    Orc: D:9-12

Altars:
Gozag
Pakellas
Vehumet

Annotations:
D:8 Maurice


Innate Abilities, Weirdness & Mutations

((You reflexively headbutt those who attack you in melee.))
((You have a pair of horns on your head.))


Message History

The hippogriff is severely wounded.
The hippogriff bites you but does no damage.
The hippogriff pecks you.
* * * LOW HITPOINT WARNING * * *
The hippogriff claws you.
* * * LOW HITPOINT WARNING * * *
A quokka comes into view.
You hit the hippogriff but do no damage.
The hippogriff is severely wounded.
The hippogriff bites you but does no damage.
The hippogriff pecks you but does no damage.
The hippogriff claws you but does no damage.
You closely miss the hippogriff.
The hippogriff is severely wounded.
Your transformation is almost over.
You hit the hippogriff.
The hippogriff is severely wounded.
Your resistance to elements expires.
The hippogriff bites you.
You die...

# #.# #.#.###.####
.......u...#
..#...YY##.# # #
#####Y# # .#. # #.#
... # #.# ..#..
.#####.#######......
##
.......rO†.hH♣)......
.
.######.#######......
#.# #.... ..# ..#
#### #


You could see a hippogriff, a two-headed ogre, a hound and a quokka.

Vanquished Creatures
  A hill giant (D:11)
  2 ugly things (D:11)
  A manticore (D:11)
  A centaur skeleton (D:11)
  A fire drake (D:8)
  A shadow (D:6)
  5 yaks
  A human (D:7)
  A water moccasin (D:5)
  3 black bears
  5 ice beasts
  5 ogres
  4 giant frogs (D:6)
  A wyvern skeleton (D:11)
  A scorpion (D:4)
  7 killer bees
  3 wights (D:11)
  3 crimson imps
  4 hounds
  An orc priest (D:5)
  3 orc wizards
  An iguana (D:8)
  8 worker ants
  2 sheep (D:7)
  A worker ant zombie (D:5)
  6 adders
  2 shadow imps
  An adder zombie (D:8)
  A worm (D:4)
  5 giant geckos
  18 orcs
  5 giant cockroaches
  4 goblins
  4 hobgoblins
  5 jackals
  8 kobolds
  4 quokkas
  A ball python (D:5)
  6 bats
  5 giant newts
  2 rats
143 creatures vanquished.

Vanquished Creatures (others)
  A lightning spire (D:2)
  A bush (D:2)
2 creatures vanquished.

Grand Total: 145 creatures vanquished

Notes
Turn   | Place    | Note
--------------------------------------------------------------
     0 | D:1      | ipm the Minotaur Gladiator began the quest for the Orb.
     0 | D:1      | Reached XP level 1. HP: 18/18 MP: 0/0
    82 | D:1      | Reached skill level 4 in Axes
    88 | D:1      | Reached XP level 2. HP: 25/25 MP: 1/1
   213 | D:2      | Found an oddly glowing altar of Pakellas.
   214 | D:2      | Noticed a boulder beetle
   217 | D:2      | Became a worshipper of Pakellas the Inventive
   221 | D:2      | You fall through a shaft!
   242 | D:3      | Noticed an ogre
   263 | D:3      | Killed an ogre
   263 | D:3      | Reached skill level 6 in Axes
   263 | D:3      | Reached XP level 3. HP: 2/30 MP: 2/2
   263 | D:3      | Reached XP level 4. HP: 2/37 MP: 3/3
   409 | D:2      | Found a faded altar to an unknown god.
   473 | D:3      | Reached * piety under Pakellas
   484 | D:3      | Reached skill level 7 in Axes
   484 | D:3      | Reached XP level 5. HP: 15/42 MP: 4/4
   522 | D:3      | Noticed an ogre
   684 | D:4      | Reached skill level 1 in Evocations
   918 | D:5      | Entered Level 5 of the Dungeon
   939 | D:4      | Reached skill level 1 in Armour
   939 | D:4      | Reached XP level 6. HP: 48/50 MP: 4/6
   996 | D:5      | Noticed an ice beast
  1017 | D:5      | Killed an ice beast
  1017 | D:5      | Reached skill level 8 in Axes
  1037 | D:5      | Reached ** piety under Pakellas
  1037 | D:5      | Received a gift from Pakellas
  1143 | D:5      | Noticed a water moccasin
  1156 | D:5      | Killed a water moccasin
  1156 | D:5      | Reached XP level 7. HP: 44/56 MP: 7/7
  1184 | D:5      | Reached skill level 9 in Axes
  1350 | D:6      | Reached skill level 10 in Axes
  1375 | D:6      | Reached XP level 8. HP: 47/62 MP: 9/9
  1406 | D:6      | Found a radiant altar of Vehumet.
  1497 | D:6      | Found a staircase to the Ecumenical Temple.
  1567 | D:6      | Reached skill level 11 in Axes
  1711 | D:7      | Reached *** piety under Pakellas
  1816 | D:7      | Reached skill level 5 in Evocations
  1816 | D:7      | Reached XP level 9. HP: 46/71 MP: 2/11
  1987 | D:8      | Reached skill level 12 in Axes
  2011 | D:8      | Got a shimmering robe
  2022 | D:8      | Identified the +1 robe "Nuopnus" {Int+4} (You found it on level 8 of the Dungeon)
  2260 | D:8      | Found an opulent altar of Gozag.
  2338 | D:8      | Found a staircase to the Lair.
  2338 | D:8      | Noticed a fire drake
  2342 | D:8      | Killed a fire drake
  2450 | D:8      | Noticed Maurice
  2499 | D:9      | Reached skill level 13 in Axes
  2563 | D:9      | You fall through a shaft for 2 floors!
  2618 | D:11     | Noticed a hill giant
  2637 | D:11     | Killed a hill giant
  2637 | D:11     | Reached skill level 5 in Armour
  2679 | D:11     | Reached XP level 10. HP: 71/78 MP: 4/13
  2688 | D:11     | Noticed a manticore
  2692 | D:11     | Killed a manticore
  2793 | D:11     | Noticed a cyclops
  2809 | D:11     | Noticed a cyclops
  2880 | D:11     | Noticed a brown ugly thing
  2902 | D:11     | Noticed a red ugly thing
  2930 | D:11     | Killed a purple ugly thing
  2930 | D:11     | Reached skill level 5 in Fighting
  2930 | D:11     | Reached skill level 14 in Axes
  2930 | D:11     | HP: 2/121 [purple ugly thing (8)]
  2934 | D:11     | Killed a purple ugly thing
  2937 | D:11     | HP: 1/121 [wight/mace of freezing (1)]
  2954 | D:11     | HP: 3/124 [hippogriff (3)]
  2957 | D:11     | Slain by a hippogriff

Vault maps used:
D:1:      dpeg_arrival_three_same_balls
D:2:      ecumenical_altar_1, gammafunk_pakellas_spire_experiment, uniq_natasha
D:3:      minmay_bad_closet, minmay_misc_feat_iff
D:4:      first_bread, hangedman_abyss_or_decor_jellyfish_corner
D:5:      lemuel_coloured_pillars_altar, kennysheep_small_square
D:6:      nicolae_whirlpool, minmay_temple_entry_statues_fountains, basic_altar,
          nicolae_ossuary_entry_false_entrances
D:7:      grunt_livestock
D:8:      lemuel_crystal_altar, minmay_lair_entry_lava, st_stairs_14,
          uniq_pikel, uniq_maurice
D:9:      orc_david_3
D:11:     st_stairs_11

Action                   |  1- 3 |  4- 6 |  7- 9 | 10-12 || total
-------------------------+-------+-------+-------+-------++-------
Melee: War axe           |    32 |    63 |   162 |    31 ||   288
       Whip              |     5 |    36 |       |     7 ||    48
       Dagger            |       |    12 |    14 |       ||    26
Throw: Throwing net      |     3 |     1 |       |       ||     4
Invok: Quick Charge      |       |       |    14 |     4 ||    18
       Device Surge      |       |       |       |     1 ||     1
Evoke: Wand              |       |     4 |    26 |    12 ||    42
  Use: Scroll            |       |     8 |     8 |     4 ||    20
       Potion            |       |     2 |       |     6 ||     8
  Eat: Chunk             |       |     1 |     6 |       ||     7
       Beef jerky        |       |       |     1 |     1 ||     2
